 Dungeon Crawl Stone Soup version 0.31-a0-692-gf03d1854d5 (webtiles) character file.

Game seed: 5452970013112921563

21762 Corto the Geomancer (level 12, -4/72 HPs)
             Began as a Gargoyle Earth Elementalist on Sept 7, 2023.
             Was a Priest of Vehumet.
             Slain by a boulder beetle (42 damage)
             ... on level 11 of the Dungeon.
             The game lasted 00:48:26 (14211 turns).

Corto the Geomancer (Gargoyle Earth Elementalist)  Turns: 14211, Time: 00:48:27

Health: -4/72      AC: 19    Str: 14    XL:     12   Next: 93%
Magic:  26/33      EV: 12    Int: 23    God:    Vehumet [***...]
Gold:   537        SH:  0    Dex: 10    Spells: 17/27 levels left

rFire   . . .        a - staff of earth
rCold   . . .        (no shield)
rNeg    + . .        o - +0 ring mail of the Moon {Drain Int+4 Stlth+}
rPois   ∞            n - +2 hat
rElec   +            F - +0 cloak
rCorr   .            q - +0 pair of gloves
SInv    +            (no boots)
Will    .....        (no amulet)
Stlth   ++           p - ring of see invisible
HPRegen 0.32/turn    t - ring of magical power
MPRegen 0.23/turn

%: no passive effects
@: no status effects
A: sickness immunity, AC +8, negative energy resistance 1, electricity
resistance, torment resistance 1, petrification resistance
a: Renounce Religion


You were on level 11 of the Dungeon.
You worshipped Vehumet.
Vehumet was most pleased with you.
You visited 2 branches of the dungeon, and saw 12 of its levels.
You also visited: Bailey.

You collected 1244 gold pieces.
You spent 707 gold pieces at shops.

Inventory:

Hand Weapons
 x - a +2 flail of protection
 C - a +3 mace of protection
 G - a -2 demon whip of venom
Armour
 n - a +2 hat (worn)
 o - the +0 ring mail of the Moon (worn) {Drain Int+4 Stlth+}
   (You found it on level 5 of the Dungeon)

   Int+4:     It affects your intelligence (+4).
   Drain:     It drains your maximum health when unequipped.
   Stlth+:    It makes you more stealthy.
 q - a +0 pair of gloves (worn)
 A - +0 acid dragon scales
 F - a +0 cloak (worn)
 H - the +2 hat of Insatiable Hunger {-Tele rElec rPois rN+++}
   (You found it on level 9 of the Dungeon)

   rElec:     It insulates you from electricity.
   rPois:     It protects you from poison rN+++: It renders you almost immune to
   negative energy.
   -Tele:     It prevents most forms of teleportation.
Magical Staves
 a - a staff of earth (weapon)
 d - a staff of conjuration
 k - a staff of cold
Jewellery
 m - an amulet of guardian spirit
 p - a ring of see invisible (left hand)
 t - a ring of magical power (right hand)
Wands
 l - a wand of charming (21)
 w - a wand of flame (24)
 z - a wand of acid (7)
Scrolls
 e - a scroll of fog
 f - 2 scrolls of teleportation {@r4}
 g - 4 scrolls of blinking
 j - a scroll of silence
 u - a scroll of amnesia
 v - 2 scrolls of enchant weapon
 y - 2 scrolls of identify {@r9}
 D - 2 scrolls of vulnerability {unknown}
 I - a scroll of poison
 J - a scroll of noise {unknown}
Potions
 b - 2 potions of magic
 c - 5 potions of resistance
 h - 2 potions of mutation {!q}
 i - a potion of brilliance
 r - a potion of might
 s - a potion of heal wounds {@q2}
 B - a potion of curing {@q1}
 E - a potion of ambrosia {unknown}


   Skills:
 + Level 7.2 Fighting
 - Level 5.0(5.9) Maces & Flails
 + Level 4.7(5.8) Staves
 - Level 6.0 Armour
 + Level 5.7 Dodging
 - Level 2.1 Stealth
 - Level 4.0 Shields
 + Level 8.0 Spellcasting
 + Level 8.2 Conjurations
 - Level 0.7 Transmutations
 + Level 6.0 Fire Magic
 + Level 10.0 Earth Magic
 + Level 5.7 Evocations


You had 17 spell levels left.
You knew the following spells:

 Your Spells              Type           Power      Damage    Failure   Level
a - Sandblast             Erth           100%       2d20      1%          1
b - Stone Arrow           Conj/Erth      100%       3d13      1%          3
c - Foxfire               Conj/Fire      100%       2x1d9     1%          1
d - Lee's Rapid Deconstr  Erth           35%        3d18*     1%          5

Your spell library contained the following spells:

 Spells                   Type           Power      Damage    Failure   Level
 Magic Dart               Conj           100%       1d8       1%          1
 Passwall                 Tmut/Erth      41%        N/A       2%          2
 Mephitic Cloud           Conj/Pois/Air  21%        N/A       3%          3
 Petrify                  Tmut/Erth      50%        N/A       14%         4
 Animate Armour           Summ/Erth      96%        N/A       16%         4
 Call Imp                 Summ           18%        N/A       19%         2
 Tukima's Dance           Hex            9%         N/A       36%         3
 Yara's Violent Unravell  Hex/Tmut       5%         3d4       58%         5
 Anguish                  Hex/Necr       4%         N/A       77%         4
 Cause Fear               Hex            4%         N/A       77%         4
 Passage of Golubria      Tloc           9%         N/A       77%         4
 Summon Lightning Spire   Summ/Air       9%         N/A       77%         4
 Enfeeble                 Hex            4%         N/A       100%        7


Dungeon Overview and Level Annotations

Branches:
Dungeon (11/15)            Temple (1/1) D:6            Lair (0/5) D:11
    Orc (0/2) D:10         Bailey (visited)

Altars:
Ashenzari
Cheibriados
Dithmenos
Elyvilon
Fedhas
Gozag
Hepliaklqana
Kikubaaqudgha
Makhleb
Nemelex Xobeh
Okawaru
Qazlal
Ru
Sif Muna
Trog
Uskayaw
Vehumet
Wu Jian
Xom
Yredelemnul
Zin
The Shining One

Shops:
D:7 [:**=   D:9 !   D:10 !   D:11 *


Innate Abilities, Weirdness & Mutations

You are immune to sickness and miasma.
Your stone body is resilient. (AC +8)
You are immune to poison.
You resist negative energy. (rN+)
You are resistant to electric shocks. (rElec)
You are resistant to unholy torment.
You are immune to petrification.


Message History

The boulder beetle bites you but does no damage.
Casting: Sandblast (safe; 1% risk of failure)
Confirm with . or Enter, or press ? or * to list all spells.
You feel a surge of power!
The blast of sand hits the boulder beetle but does no damage.
The boulder beetle is heavily wounded.
The boulder beetle barely misses you. The boulder beetle bites you.
Casting: Sandblast (safe; 1% risk of failure)
Confirm with . or Enter, or press ? or * to list all spells.
You feel a surge of power!
The blast of sand hits the boulder beetle but does no damage.
The boulder beetle is heavily wounded.
The boulder beetle closely misses you.
Casting: Sandblast (safe; 1% risk of failure)
Confirm with . or Enter, or press ? or * to list all spells.
You feel a surge of power!
The blast of sand hits the boulder beetle but does no damage.
The boulder beetle is heavily wounded.
The boulder beetle leaps!
The boulder beetle curls into a ball and begins rolling!
Casting: Sandblast (safe; 1% risk of failure)
Confirm with . or Enter, or press ? or * to list all spells.
You can't see any susceptible monsters within range! (Use Z to cast anyway.)
Casting: Sandblast (safe; 1% risk of failure)
Confirm with . or Enter, or press ? or * to list all spells.
You can't see any susceptible monsters within range! (Use Z to cast anyway.)
Aiming: Corrosive Bolt
Press: ? - help, Q - select action, (/) - cycle Shift-Dir - straight line, f/p - boulder beetle
Aim: a boulder beetle (heavily wounded, rolling, 100% to hit)
The bolt of acid hits the boulder beetle!!
The acid corrodes the boulder beetle!
The boulder beetle is severely wounded.
Aiming: Corrosive Bolt
Press: ? - help, Q - select action, (/) - cycle Shift-Dir - straight line, f/p - boulder beetle
Aim: a boulder beetle (severely wounded, rolling, covered in acid, 100% to hit)
The bolt of acid hits the boulder beetle.
The boulder beetle is severely wounded.
The boulder beetle hits you!!!
Ouch! That really hurt!
You die... ζ≈≈ζ≈≈ζζ≈••••█ █••••••••••••••█ ζ≈≈≈≈ζζζ•ζζ•██ █•█••███••••••<█ ••≈≈••ζζ••••█ █•█•••██^••>•••█ ••••••••ζ•••████•█•█••••••••••█ •••••••••••••••••█•••B••••••••█ █████••••••••••••█••)•••••••••█ █ █••••••••••••••••••••>•••••█ ████••••••••••••••███••>███████ •••••••••••••••••@••██••••███ █••••••••••••••••B••••█•••••█ ••██••••••••••••••○•█••••^••█ ••███•••••••••••••°••██••••███ •••███•••••••••••°•••••••••••█ ██•████•██•••••••••••••••••███ •••••••••[•••••••••••••••••███ ••••••••███████••••••••••••••█ ••••••••█ █•••••••••••••••█

You could see a boulder beetle (rolling, corroded).

Vanquished Creatures
  Harold (D:11)
  2 vault guards (Bailey)
  A two-headed ogre (D:11)
  Amaemon (D:9)
  Pikel (D:9)
  3 deep elf zephyrmancers
  An orange demon (D:9)
  Maggie (D:8)
  A kobold demonologist (D:11)
  2 trolls
  A hornet (D:9)
  Prince Ribbit (Bailey)
  2 wraiths
  A shadow (D:5)
  2 vampires
  Eustachio (D:5)
  2 wyverns
  6 humans (Bailey)
  15 yaks
  A steam dragon (D:8)
  4 vampire mosquitoes
  Menkaure (D:5)
  Edmund (D:5)
  An acid dragon (D:10)
  Duvessa (D:5)
  3 orc warriors
  A swamp drake (D:9)
  2 ice beasts
  A sky beast (D:7)
  4 ogres
  6 centaurs
  5 phantoms
  4 lemures
  Blork the orc (D:9)
  11 bullfrogs
  A gnoll sergeant (D:9)
  3 scorpions
  10 wights
  Dowan (D:5)
  4 howler monkeys
  A crimson imp (D:9)
  3 jellies
  3 hounds
  2 orc priests
  An iron imp (D:9)
  4 sleepcaps
  6 iguanas (D:5)
  9 orc wizards
  8 gnolls
  11 adders
  A shadow imp (D:9)
  2 white imps
  2 ufetubi (D:5)
  3 worms
  4 dart slugs
  30 orcs
  9 ball pythons
  6 bats
  11 endoplasms
  5 giant cockroaches
  8 goblins
  9 hobgoblins
  4 jackals
  8 quokkas
  3 frilled lizards
  7 kobolds
  11 rats
282 creatures vanquished.

Vanquished Creatures (others)
  A white imp (D:9)
  An orc (D:9)
  2 foxfires (Bailey)
4 creatures vanquished.

Grand Total: 286 creatures vanquished

Notes
Turn   | Place    | Note
-------+----------+-------------------------------------------
     0 | D:1      | Corto the Gargoyle Earth Elementalist began the quest for
                  | the Orb.
     0 | D:1      | Reached XP level 1. HP: 10/10 MP: 3/3
   122 | D:1      | Reached XP level 2. HP: 15/15 MP: 3/5
   157 | D:1      | Reached skill level 4 in Earth Magic
   504 | D:1      | Reached XP level 3. HP: 19/19 MP: 3/6
   508 | D:1      | Learned a level 3 spell: Stone Arrow
   601 | D:1      | You fall into a shaft and drop 1 floor!
   763 | D:2      | Identified the +2 leather armour "Suuplel" {*Slow rN+
                  | Dex+4}
   999 | D:2      | Reached skill level 1 in Conjurations
  1001 | D:2      | Reached XP level 4. HP: 24/24 MP: 4/8
  2222 | D:3      | Reached skill level 5 in Earth Magic
  2345 | D:3      | Reached XP level 5. HP: 28/28 MP: 6/9
  2400 | D:3      | Found a glowing golden altar of the Shining One.
  2623 | D:3      | Found a faded altar of an unknown god.
  2762 | D:4      | Noticed a phantom
  2762 | D:4      | Noticed an ogre
  2764 | D:4      | Killed an ogre
  2765 | D:4      | Reached XP level 6. HP: 32/32 MP: 8/11
  3265 | D:4      | Reached skill level 6 in Earth Magic
  3438 | D:4      | Reached XP level 7. HP: 29/36 MP: 8/13
  3847 | D:5      | Entered Level 5 of the Dungeon
  3861 | D:5      | Found a white marble altar of Elyvilon.
  4057 | D:5      | Noticed Edmund
  4074 | D:5      | Killed Edmund
  4075 | D:5      | Reached skill level 1 in Fighting
  4075 | D:5      | Reached skill level 1 in Maces & Flails
  4075 | D:5      | Reached skill level 1 in Armour
  4328 | D:5      | Noticed Eustachio
  4342 | D:5      | Killed Eustachio
  4343 | D:5      | Reached skill level 1 in Evocations
  4343 | D:5      | Reached XP level 8. HP: 44/44 MP: 6/15
  4415 | D:5      | Noticed Duvessa
  4416 | D:5      | Noticed Dowan
  4428 | D:5      | Killed Duvessa
  4431 | D:5      | Killed Dowan
  4609 | D:5      | Reached skill level 1 in Shields
  4668 | D:5      | Reached skill level 5 in Spellcasting
  4668 | D:5      | Reached skill level 1 in Fire Magic
  4967 | D:5      | Reached skill level 7 in Earth Magic
  5136 | D:5      | Reached XP level 9. HP: 24/49 MP: 11/16
  5243 | D:5      | Reached skill level 5 in Conjurations
  5284 | D:5      | Identified the +0 ring mail of the Moon {Drain Int+4
                  | Stlth+}
  5580 | D:5      | Noticed Menkaure
  5582 | D:5      | Killed Menkaure
  6025 | D:6      | Found a stormy altar of Qazlal.
  6169 | D:6      | Noticed a deep elf zephyrmancer
  6171 | D:6      | Killed a deep elf zephyrmancer
  6597 | D:6      | Found a staircase to the Ecumenical Temple.
  6605 | Temple   | Entered the Ecumenical Temple
  6635 | Temple   | Became a worshipper of Vehumet
  6684 | Temple   | Identified a scroll of acquirement
  6684 | Temple   | Acquired a staff of earth
  6892 | D:7      | Found a flagged portal.
  6902 | Bailey   | Entered a bailey
  6913 | Bailey   | Reached XP level 10. HP: 45/56 MP: 11/18
  7053 | Bailey   | Reached skill level 8 in Earth Magic
  7245 | Bailey   | Noticed a vault guard
  7279 | Bailey   | Killed a vault guard
  7419 | Bailey   | Acquired 611 gold pieces
  7434 | Bailey   | Noticed a vault guard
  7434 | Bailey   | Noticed Prince Ribbit
  7451 | Bailey   | Killed Prince Ribbit
  7455 | Bailey   | Killed a vault guard
  7455 | Bailey   | Reached * piety under Vehumet
  7455 | Bailey   | Offered knowledge of Foxfire by Vehumet.
  7456 | Bailey   | Reached skill level 1 in Staves
  7601 | Bailey   | Learned a level 1 spell: Foxfire
  7635 | Bailey   | Reached skill level 5 in Fighting
  7635 | Bailey   | Reached skill level 5 in Maces & Flails
  7635 | Bailey   | Reached skill level 5 in Armour
  7635 | Bailey   | Reached skill level 9 in Earth Magic
  7635 | Bailey   | Reached XP level 11. HP: 64/64 MP: 19/21
  7636 | Bailey   | Acquired a staff of conjuration
  7796 | D:7      | Found Piopput's General Store.
  8065 | D:7      | Found Fypaid's Armour Emporium.
  8418 | D:7      | Found Kigotim's Jewellery Boutique.
  8438 | D:7      | Bought a ring of magical power for 280 gold pieces
  8526 | D:7      | Found a shadowy altar of Dithmenos.
  8526 | D:7      | Found a snail-covered altar of Cheibriados.
  8620 | D:7      | Found Kacu's Assorted Antiques.
  8628 | D:7      | Found Dyffacej's Book Shop.
  8639 | D:7      | Bought a book of Iron for 416 gold pieces
  8650 | D:7      | Learned a level 5 spell: Lee's Rapid Deconstruction
  9100 | D:8      | Reached skill level 5 in Fire Magic
  9100 | D:8      | Reached XP level 12. HP: 44/70 MP: 21/22
  9301 | D:8      | Noticed Maggie
  9308 | D:8      | Killed Maggie
  9380 | D:8      | Found a bloodstained altar of Trog.
  9697 | D:8      | Found an iron altar of Okawaru.
  9717 | D:8      | Reached skill level 5 in Evocations
  9868 | D:9      | Reached ** piety under Vehumet
  9868 | D:9      | Offered knowledge of Freeze by Vehumet.
  9891 | D:9      | Reached skill level 5 in Dodging
  9912 | D:9      | Noticed Amaemon
  9918 | D:9      | Killed Amaemon
 10423 | D:9      | Found Doggep's Distillery.
 10429 | D:9      | Bought a potion of degeneration for 11 gold pieces
 10661 | D:9      | Noticed Blork the orc
 10661 | D:9      | Noticed Pikel
 11111 | D:9      | Offered knowledge of Mephitic Cloud by Vehumet.
 11236 | D:9      | Killed Blork the orc
 12792 | D:9      | Identified the +2 hat of Insatiable Hunger {-Tele rElec
                  | rPois rN+++}
 12983 | D:9      | Killed Pikel
 13019 | D:10     | Entered Level 10 of the Dungeon
 13245 | D:10     | Found Cauboavi's Distillery.
 13366 | D:10     | Found a staircase to the Orcish Mines.
 13622 | D:11     | Noticed a boulder beetle
 13622 | D:11     | Noticed Harold
 13638 | D:11     | HP: 2/72 [vampire mosquito (3)]
 13841 | D:11     | Found a staircase to the Lair.
 13884 | D:11     | Found Qecis's General Store.
 13908 | D:11     | Killed Harold
 13908 | D:11     | Reached *** piety under Vehumet
 13938 | D:11     | Noticed a two-headed ogre
 13970 | D:11     | Reached skill level 10 in Earth Magic
 14143 | D:11     | Killed a two-headed ogre
 14211 | D:11     | Slain by a boulder beetle

Illustrated notes

Levels and vault maps discovered:
D:1:      elethiomel_arrival_quiet, layout_basic
D:2:      layout_basic, chequers_serial_rivers_small_3, st_stairs_9,
          ebering_dispersal_statue_hall
D:3:      layout_basic, mainiacjoe_overflow_concentric_impassable,
          shapermc_ecumenical_altar_mp_urbaneastern, minmay_curled_crystal,
          kennysheep_path_1
D:4:      minmay_razor_zed, layout_basic
D:5:      kennysheep_windowed_halls, layout_basic, elyvilon_altar_5,
          minmay_fountain_box, serial_park_tiny_2, minivault_11, uniq_eustachio,
          uniq_edmund, uniq_duvessa, uniq_menkaure
D:6:      layout_gridville, grunt_qazlal_sundering,
          minmay_temple_entry_butterflies, guppyfry_early_elven_hall
D:7:      minmay_evil_eye, layout_loops_corners,
          gammafunk_temple_overflow_elements, enter_bailey_6, serial_shops,
          shop, nicolae_inconvenience_store, shop, shop, nicolae_square_shop
D:8:      layout_gridville, bloody_trog, mainiacjoe_overflow_boulevard,
          hangedman_decor_clover_reticule, minivault_26, uniq_maggie
D:9:      layout_rooms, serial_shops, shop, hex_medium, hangedman_minor_magic,
          uniq_pikel, uniq_amaemon
D:10:     layout_roguey, orc_0_dummy, serial_shops, shop
D:11:     layout_rooms, lair_entry_dummy, serial_shops, shop,
          minmay_lindwurm_lava, uniq_harold
Temple:   hellmonk_temple_of_storms

Skill      XL: |  1  2  3  4  5  6  7  8  9 10 11 12 |
---------------+-------------------------------------+-----
Earth Magic    | 4 5 6 7 9 10 | 10.0
Conjurations   | 1 2 3 4 5 7 8 |  8.2
Spellcasting   | 3 4 5 7 8 |  8.0
Fighting       | 1 2 3 5 6 7 |  7.2
Maces & Flails | 1 2 3 5 |  5.0
Armour         | 1 2 3 5 6 |  6.0
Dodging        | 2 3 4 5 |  5.7
Evocations     | 1 2 3 4 5 |  5.7
Shields        | 1 3 4 |  4.0
Fire Magic     | 1 3 4 5 6 |  6.0
Staves         | 2 3 4 |  4.7
Stealth        | |  2.1
Transmutations | |  0.7

Action                     |  1- 3 |  4- 6 |  7- 9 | 10-12 || total
---------------------------+-------+-------+-------+-------++-------
  Melee: Spear             |     7 |       |       |       ||     7
         Long sword        |       |       |     4 |       ||     4
         Flail             |       |       |     2 |       ||     2
         Staff             |       |       |       |     9 ||     9
   Cast: Sandblast         |    59 |    79 |   169 |   284 ||   591
         Stone Arrow       |       |       |     3 |    39 ||    42
         Foxfire           |       |       |       |     1 ||     1
         Lee's Rapid Decon |       |       |       |     3 ||     3
  Evoke: Wand              |       |       |       |     2 ||     2
    Use: Scroll            |       |       |    15 |    10 ||    25
         Potion            |       |       |       |     3 ||     3
 Armour: Robe              |    12 |       |    38 |       ||    50
         Leather armour    |     1 |    19 |    31 |       ||    51
         Ring mail         |       |       |    25 |   230 ||   255
  Dodge: Dodged            |     7 |     8 |    60 |   135 ||   210

Table legend: (Time is in decaauts)
 A = Elapsed time spent in this place.
 B = Non-inter-level travel time spent in this place.
 C = Inter-level travel time spent in this place.
 D = Time resting spent in this place.
 E = Time spent auto-exploring this place.
 F = Levels seen in this place.
 G = Mean time per level.
                   A        B        C        D        E       F      G
               +--------+--------+--------+--------+--------+-----+--------+
         Total |  14518 |  13905 |    613 |   3796 |   7663 |  13 | 1116.8 |
       Dungeon |  13535 |  12985 |    550 |   3237 |   7625 |  11 | 1230.5 |
        Temple |    104 |     41 |     63 |      0 |      0 |   1 |  104.0 |
        Bailey |    878 |    878 |      0 |    559 |     38 |   1 |  878.0 |
               +--------+--------+--------+--------+--------+-----+--------+

Top non-repeatable levels by time:
     D:9: 3057 daAuts
     D:5: 2066 daAuts
     D:7: 1328 daAuts
     D:1: 1198 daAuts
     D:4: 1196 daAuts
     D:8: 1018 daAuts
     D:6: 903 daAuts
  Bailey: 878 daAuts
    D:10: 807 daAuts
     D:2: 773 daAuts
     D:3: 758 daAuts
    D:11: 426 daAuts
  Temple: 104 daAuts
